 Dungeon Crawl Stone Soup version 0.28.0-53-g5a82cb258f (webtiles) character file.

Game seed: 10085743698177846725

112 Gabide the Conjurer (level 4, 0/37 HPs)
             Began as a Demigod Conjurer on June 27, 2022.
             Slain by Pikel
             ... wielding a +0 whip of freezing
              (1 damage)
             ... on level 4 of the Dungeon.
             The game lasted 00:06:01 (2519 turns).

Gabide the Conjurer (Demigod Conjurer)              Turns: 2519, Time: 00:06:01

Health: 0/37       AC:  3    Str:  8    XL:     4   Next: 38%
Magic:  5/10       EV: 11    Int: 30    God:
Gold:   124        SH:  5    Dex: 12    Spells: 4/7 levels left

rFire   . . .      SeeInvis .   g - +0 dagger
rCold   . . .      Faith    .   (no shield)
rNeg    . . .      Spirit   .   j - +0 leather armour
rPois   .          Reflect  +   (no helmet)
rElec   .          Harm     .   (no cloak)
rCorr   .          Rampage  .   (no gloves)
Will    .....                   (no boots)
Stlth   ++........              i - amulet of reflection
HPRegen 0.12/turn               a - +6 ring of intelligence
MPRegen 0.12/turn               (no ring)

@: no status effects
A: high MP 1, forlorn, divine attributes
a: no special abilities


You were on level 4 of the Dungeon.
You visited 1 branch of the dungeon, and saw 4 of its levels.

You collected 124 gold pieces.

Inventory:

Hand Weapons
 g - a +0 dagger (weapon)
Armour
 j - a +0 leather armour (worn)
Magical Staves
 e - a staff of cold
Jewellery
 a - a +6 ring of intelligence (left hand)
 i - an amulet of reflection (around neck)
Scrolls
 d - a scroll of identify {unknown}
 f - a scroll of blinking {unknown}
 h - a scroll of enchant weapon {unknown}
Potions
 b - 2 potions of lignification {unknown}
 c - a potion of invisibility {unknown}
 k - a potion of flight {unknown}
 l - 2 potions of curing {unknown}


   Skills:
 + Level 2.3 Fighting
 + Level 2.3 Dodging
 - Level 1.7 Stealth
 + Level 2.2 Spellcasting
 * Level 4.3 Conjurations


You had 4 spell levels left.
You knew the following spells:

 Your Spells              Type           Power      Damage    Failure   Level
a - Magic Dart            Conj           100%       1d8       1%          1
b - Searing Ray           Conj           58%        2d6       3%          2

Your spell library contained the following spells:

 Spells                   Type           Power      Damage    Failure   Level
 Dazzling Flash           Conj/Hex       32%        N/A       14%         3
 Tukima's Dance           Hex            3%         N/A       34%         3
 Fulminant Prism          Conj/Hex       8%         3d7       43%         4
 Iskenderun's Mystic Bla  Conj/Tloc      16%        2d5       43%         4
 Anguish                  Hex/Necr       1%         N/A       75%         4
 Enfeeble                 Hex            1%         N/A       100%        7


Dungeon Overview and Level Annotations

Branches:
Dungeon (4/15)
 Temple: D:4-7

Annotations:
D:4 Pikel


Innate Abilities, Weirdness & Mutations

You have an increased reservoir of magic. (+10% MP)
You shall have no god before yourself.
Your divine heritage dramatically boosts your attributes as you level up.


Message History

Pikel is lightly wounded.
The searing ray hits the water moccasin skeleton.
The water moccasin skeleton is lightly damaged.
The searing ray hits the adder!
You kill the adder! (Press . to maintain the ray.) Pikel scowls and wipes his hands on his robe.
Unknown command.
The searing ray hits Pikel!
Pikel is moderately wounded.
The searing ray hits the water moccasin skeleton.
The water moccasin skeleton is moderately damaged.
Pikel hits you with a +0 whip of freezing!
Pikel freezes you.
The searing ray hits Pikel.
Pikel is heavily wounded.
The searing ray hits the water moccasin skeleton.
The water moccasin skeleton is heavily damaged.
Pikel hits you with a +0 whip of freezing!
Pikel freezes you.
Okay, then.
Okay, then.
Unknown command.
Press: ? - help, v - describe, . - travel
Here: Pikel, wielding a +0 whip of freezing and wearing a +0 robe (heavily wounded)
The floor, spattered with blood.
Unknown command.
The searing ray hits Pikel!
Pikel is heavily wounded.
The searing ray hits the water moccasin skeleton.
The water moccasin skeleton is heavily damaged.
You finish channelling your searing ray.
Pikel hits you with a +0 whip of freezing!
* * * LOW HITPOINT WARNING * * *
Pikel freezes you.
* * * LOW HITPOINT WARNING * * *
Pikel hits you with a +0 whip of freezing.
* * * LOW HITPOINT WARNING * * *
Pikel freezes you.
You die...

#####....†..###
##.#.#÷##
#.#.#.#
#.#†#.##
########.#.#..#
#........#.##.#
#.########Z##.#
#.# ##K##.# #.#
#@.##.## #.#
#####.##...####
#.#
#.............#
#.#
#.###.##...##.#
#.# #.#
#.###.###.# #.#
#.# #.# #.# #.#
#.# #.# #.# #.#
#.# #.# #.#
#.###.###.##
#.# #.#
#...#......#
###


You could see Pikel and a water moccasin skeleton.

Vanquished Creatures
  2 lemures (D:4)
  An iguana (D:4)
  4 adders
  A worm (D:3)
  A dart slug (D:1)
  5 endoplasms
  2 giant cockroaches
  3 goblins
  5 hobgoblins
  2 jackals (D:4)
  2 quokkas (D:2)
  4 ball pythons
  5 bats
  3 frilled lizards
  A kobold (D:2)
  7 rats
48 creatures vanquished.

Notes
Turn   | Place    | Note
-------+----------+-------------------------------------------
     0 | D:1      | Gabide the Demigod Conjurer began the quest for the Orb.
     0 | D:1      | Reached XP level 1. HP: 14/14 MP: 5/5
    69 | D:1      | Reached skill level 1 in Fighting
   278 | D:1      | Reached XP level 2. HP: 24/24 MP: 0/7
   905 | D:2      | Reached XP level 3. HP: 29/29 MP: 6/8
  1148 | D:3      | Reached skill level 4 in Conjurations
  1647 | D:3      | Learned a level 2 spell: Searing Ray
  2021 | D:4      | Reached XP level 4. HP: 33/36 MP: 0/10
  2181 | D:4      | Noticed a lemure
  2209 | D:4      | Killed a lemure
  2364 | D:4      | Noticed a lemure
  2402 | D:4      | Killed a lemure
  2505 | D:4      | Noticed Pikel
  2519 | D:4      | HP: 1/37 [Pikel/+0 whip of freezing (3)]
  2519 | D:4      | Slain by Pikel

Illustrated notes

Levels and vault maps discovered:
D:1:      psy_arrival_whirlpool, layout_rooms, chequers_ecumenical_altar_simple
D:2:      layout_rooms
D:3:      layout_basic
D:4:      layout_loops_ring, mainiacjoe_overflow_cross_hatched, uniq_pikel

Skill      XL: |  1  2  3 |
---------------+----------+-----
Fighting       | 1 2 |  2.3
Dodging        | 2 |  2.3
Spellcasting   | 2 |  2.2
Conjurations   | 4 |  4.3
Stealth        | |  1.7

Action                   |  1- 3 |  4- 6 || total
-------------------------+-------+-------++-------
Melee: Unarmed           |     1 |       ||     1
       Dagger            |     3 |       ||     3
 Cast: Magic Dart        |    93 |    14 ||   107
       Searing Ray       |       |     4 ||     4
Armor: Robe              |     1 |       ||     1
       Leather armour    |     1 |     2 ||     3
Dodge: Dodged            |     6 |     3 ||     9
Block: Other             |     1 |     5 ||     6
